AoeStats
← putzfetzen

Fortress

509705239Analyzed
2v2 RM · 4d ago on Sep 27, 2026· 28m 25s· 4 players
Game mode
Random Map
Map size
Normal (6 player)
Population
200
Speed
Normal
Resources
Standard
Victory
Conquest
Starting age
Dark Age
Ending age
Imperial Age
RankedLock teamsTeams togetherTeam positionsShared explorationLock speedFull tech treeHidden civsTurbo modeCheats
Victory
Defeat
🇦🇹 Italians · Austria
1182
+13
🇦🇹 Goths · Austria
1152
+15
🇺🇸 Magyars · United States
1131
-14
🇲🇽 Bohemians · Mexico
1119
-14
Willie Beamin
7:30 Feudal Age
5:47 Loom
13:13 Castle Age
11:01 Horse Collar
11:11 Double-Bit Axe
13:54 Corvinian Army
16:16 Heavy Plow
17:48 Gold Mining
19:42 Wheelbarrow
23:25 Scale Barding Armor
26:01 Chain Barding Armor
NARIO226807
6:20 Loom
8:48 Feudal Age
12:32 Castle Age
11:36 Double-Bit Axe
12:52 Wheelbarrow
23:15 Imperial Age
ArbeitsamtHATgeldGEWIESEN
7:57 Feudal Age
9:11 Loom
12:31 Castle Age
11:53 Double-Bit Axe
17:07 Imperial Age
15:32 Forging
16:31 Scale Mail Armor
16:47 Squires
17:37 Iron Casting
17:56 Bow Saw
18:40 Chain Mail Armor
20:02 Blast Furnace
24:28 Pikeman
25:34 Halberdier
putzfetzen
7:13 Feudal Age
8:22 Double-Bit Axe
8:19 Horse Collar
15:33 Wheelbarrow
22:53 Gold Mining
Connection lost

Rejoining the realm…

Still unreachable

The connection could not be restored.

Session expired

The server has moved on; the page needs a fresh start.